Rochester Americans vs Lake Erie Monsters

Created - 27 janvier 2021 at 13:29

Goals
1 2 3 T
Rochester Americans 0 2 3 5
Lake Erie Monsters 0 5 5 10
Shots
1 2 3 T
Rochester Americans 7 10 17 34
Lake Erie Monsters 9 19 18 46

1st period

No Goal

Penalties :
Moritz Seider (AMR) for Holding (Minor) at 3:32

2nd period

1. Rochester Americans , Nathan Bastian 23 (Tyler Benson 18) at 3:46
2. Lake Erie Monsters , Andrew Agozzino 18 (Alexander Yelesin 13, Jason Robertson 24) at 4:22
3. Lake Erie Monsters , Ryan Haggerty 9 (Jan Drozg 9, Andrew Agozzino 33) at 8:31 (PP)
4. Lake Erie Monsters , Lukas Elvenes 17 (Jason Robertson 25, Andrew Agozzino 34) at 8:47
5. Lake Erie Monsters , Turner Elson 13 (Marko Dano 7, Alexander Yelesin 14) at 13:34
6. Lake Erie Monsters , Jason Robertson 24 (Andrew Agozzino 35, Lukas Elvenes 26) at 13:49
7. Rochester Americans , Michael Eyssimont 12 (Seth Griffith 22, Steven Kampfer 11) at 19:02

Penalties :
Tyler Benson (AMR) for Boarding (Minor) at 0:27, Ryan Bednard (MST) for Unsportsmanlike conduct (Minor) at 5:48 - Joe Hicketts served the penalty, Steven Kampfer (AMR) for Roughing (Minor) at 8:21, Jason Robertson (MST) for Fighting (Major) at 13:50, Seth Griffith (AMR) for Fighting (Major) at 13:50, Erik Burgdoerfer (MST) for Fighting (Major) at 14:49, Zach Senyshyn (AMR) for Fighting (Major) at 14:49

3rd period

8. Lake Erie Monsters , Lukas Elvenes 18 (Kurtis MacDermid 15, Andrew Agozzino 36) at 0:16
9. Rochester Americans , Seth Griffith 12 (Alexander Alexeyev 5, Steven Kampfer 12) at 6:36
10. Lake Erie Monsters , Jason Robertson 25 (Lukas Elvenes 27, Joe Hicketts 17) at 6:44
11. Rochester Americans , Alex Formenton 28 (Seth Griffith 23) at 12:28
12. Lake Erie Monsters , Alexander Yelesin 2 (Jason Robertson 26, Andrew Agozzino 37) at 13:39
13. Rochester Americans , Michael Eyssimont 13 (Rhett Gardner 18, Moritz Seider 5) at 16:20
14. Lake Erie Monsters , Marko Dano 5 (Turner Elson 9) at 16:53
15. Lake Erie Monsters , Matt Puempel 24 (Alexander Yelesin 15, William Bitten 18) at 18:23

Penalties :
Matt Puempel (MST) for Fighting (Major) at 0:58, Gavin Bayreuther (AMR) for Fighting (Major) at 0:58, Matt Puempel (MST) for instigated a fight (Minor) at 0:58, Matt Puempel (MST) for instigated a fight (10 Minutes Misconduct) at 0:58, JC Lipon (MST) for Slashing (Minor) at 14:01, Michael Eyssimont (AMR) for Slashing (Minor) at 19:12

Goalie Stats

Unknown Goalie (AMR), 19 saves from 24 shots - (0,792), 33:49 minutes
Unknown Goalie (AMR), 17 saves from 22 shots - (0,773), L, 0-1-0, 26:11 minutes
Ryan Bednard (MST), 29 saves from 34 shots - (0,853), W, 8-4-0, 60:00 minutes

Players Stats for Rochester Americans

Player Name              G  A  P  +/- PIM S  H  SB GA TA FO     MP     PP MP  PK MP  
------------------------------------------------------------------------------------
Alex Formenton           1  0  1  -1  0   4  2  1  4  0  0/1    21:32   2:59   2:41 
Alexander Alexeyev       0  1  1   1  0   1  1  0  0  0  0/0    19:28   2:12   1:50 
Andreas Martinsen        0  0  0  -1  0   0  0  0  0  0  0/1     5:36   0:00   0:00 
Austin Strand            0  0  0   0  0   0  0  0  0  0  0/0     4:41   0:00   0:00 
Brandon Davidson         0  0  0  -8  0   1  0  2  2  0  0/0    29:09   3:45   3:05 
Christoffer Ehn          0  0  0  -4  0   0  1  0  0  1  4/9    16:59   2:40   0:00 
Gavin Bayreuther         0  0  0  -8  5   1  0  1  1  1  0/0    23:43   2:22   3:05 
Jake Lucchini            0  0  0   1  0   0  0  0  0  0  0/2     5:38   0:18   0:40 
Joe Snively              0  0  0  -1  0   0  1  0  0  0  0/0     5:36   0:00   0:00 
Michael Eyssimont        2  0  2   2  2   4  1  0  0  0  0/0    14:30   0:00   1:06 
Michael Rasmussen        0  0  0  -3  0   3  2  0  1  1  16/30  24:15   2:59   2:41 
Moritz Seider            0  1  1   3  2   2  1  1  0  0  0/0    12:12   1:23   0:00 
Nathan Bastian           1  0  1  -4  0   4  1  2  1  0  1/2    17:13   2:44   0:00 
Niko Mikkola             0  0  0   3  0   0  1  0  0  0  0/0    11:33   0:00   0:10 
Rhett Gardner            0  1  1   2  0   4  2  2  0  2  4/5    14:10   0:14   0:02 
Seth Griffith            1  2  3   0  5   5  3  1  0  0  1/1    19:17   3:13   1:41 
Steven Kampfer           0  2  2   1  2   1  2  1  0  0  0/0    19:17   2:12   1:40 
Tyler Benson             0  1  1  -4  2   3  1  0  0  0  0/0    18:10   2:44   0:59 
Zach Senyshyn            0  0  0   1  5   1  2  0  0  0  0/0    11:59   0:00   0:00 

Players Stats for Lake Erie Monsters

Player Name              G  A  P  +/- PIM S  H  SB GA TA FO     MP     PP MP  PK MP  
------------------------------------------------------------------------------------
Adam Mascherin           0  0  0  -2  0   0  1  1  0  2  0/0    15:45   0:00   2:28 
Alexander Yelesin        1  3  4   4  0   2  0  1  0  0  0/0    19:11   0:00   0:43 
Andrew Agozzino          1  5  6   4  0   5  0  1  1  0  18/32  20:16   2:37   0:14 
Bob Carpenter            0  0  0  -1  0   3  1  0  0  1  1/4    11:30   1:38   3:04 
Dysin Mayo               0  0  0   1  0   1  2  0  0  0  0/0    23:11   0:00   3:03 
Erik Burgdoerfer         0  0  0  -1  5   1  0  0  0  0  0/0    11:35   0:00   3:01 
Jan Drozg                0  1  1  -1  0   2  1  0  0  0  0/0    13:39   3:17   1:36 
Jason Robertson          2  3  5   4  5   6  4  0  2  2  2/3    18:55   2:40   0:08 
JC Lipon                 0  0  0  -1  2   2  2  1  0  0  0/0    16:34   2:06   0:00 
Joe Hicketts             0  1  1   4  0   0  1  0  0  2  0/0    21:12   0:06   1:45 
Kurtis MacDermid         0  1  1   1  0   2  2  0  0  0  0/0    23:43   0:00   3:08 
Lukas Elvenes            2  2  4   4  0   7  2  0  0  0  0/1    20:33   2:40   0:00 
Marko Dano               1  1  2   2  0   3  0  0  0  1  0/0    14:56   0:15   3:07 
Matt Puempel             1  0  1   0  17  3  6  2  1  0  0/0    13:18   2:06   0:14 
Oskar Steen              0  0  0   2  0   2  0  0  0  0  0/5    11:44   0:09   1:17 
Ryan Haggerty            1  0  1  -1  0   3  0  1  0  1  0/0    10:04   3:17   0:00 
Turner Elson             1  1  2   2  0   2  2  1  0  0  0/0    11:24   1:38   0:00 
William Bitten           0  1  1  -1  0   2  0  0  1  0  4/6    16:29   2:06   0:00 

3 Stars

1 - Andrew Agozzino (MST)
2 - Lukas Elvenes (MST)
3 - Jason Robertson (MST)

Power Play

Rochester Americans - 0 on 3 Attempt(s) - 0,00%
Lake Erie Monsters - 1 on 4 Attempt(s) - 25,00%

Penalty Kill

Rochester Americans - 3 on 4 Attempt(s) - 75,00% - Score 0 goal in Penalty Kill
Lake Erie Monsters - 3 on 3 Attempt(s) - 100,00% - Score 0 goal in Penalty Kill

Team Stat

Rochester Americans - Hits : 21 - Faceoff Wins : 26 - Blocked Shots : 11 - Penalty Minutes : 23
Lake Erie Monsters - Hits : 24 - Faceoff Wins : 25 - Blocked Shots : 8 - Penalty Minutes : 31

Official

Referees : Marc Joannette and Reid Anderson
Linesman : Neil Campbell and Kyle Larson

Game Notes

Unknown Goalie enters game at 13:49 of 2nd period
Seth Griffith beats up Jason Robertson at 13:50 of 2nd period
Erik Burgdoerfer and Zach Senyshyn fight to a draw at 14:49 of 2nd period
Matt Puempel and Gavin Bayreuther fight to a draw at 0:58 of 3rd period

Finance

Level 1 -- Attendance: 1753 (87,65%) -- Ticket Income 52 590 $
Level 2 -- Attendance: 969 (96,90%) -- Ticket Income 9 690 $
Total Attendance: 2722 (90,73%)
Total Ticket Income: 62 280 $
Other Income: 30 517 $
Total Income: 92 797 $

Rochester Americans

5 vs 5 Forward 
   Center                   Left Wing                Right Wing               Time % Phy DF OF 
 1 Michael Rasmussen        Alex Formenton           Seth Griffith            40     1   2  2  
 2 Christoffer Ehn          Tyler Benson             Nathan Bastian           30     1   2  2  
 3 Rhett Gardner            Michael Eyssimont        Zach Senyshyn            20     1   2  2  
 4 Andreas Martinsen        Joe Snively              Michael Rasmussen        10     1   2  2  

5 vs 5 Defense 
   Defense                  Defense                                           Time % Phy DF OF 
 1 Brandon Davidson         Gavin Bayreuther                                  40     1   2  2  
 2 Steven Kampfer           Alexander Alexeyev                                30     1   2  2  
 3 Moritz Seider            Niko Mikkola                                      20     1   2  2  
 4 Austin Strand            Brandon Davidson                                  10     1   2  2  

PowerPlay Forward 
   Center                   Left Wing                Right Wing               Time % Phy DF OF 
 1 Michael Rasmussen        Alex Formenton           Seth Griffith            60     1   2  2  
 2 Christoffer Ehn          Tyler Benson             Nathan Bastian           40     1   2  2  

PowerPlay Defense
   Defense                  Defense                                           Time % Phy DF OF 
 1 Brandon Davidson         Gavin Bayreuther                                  60     1   2  2  
 2 Steven Kampfer           Alexander Alexeyev                                40     1   2  2  

Penalty Kill 4 Players Forward 
   Center                   Wing                     Time % Phy DF OF 
 1 Michael Rasmussen        Alex Formenton           60     1   2  2  
 2 Seth Griffith            Tyler Benson             40     1   2  2  

Penalty Kill 4 Players Defense
   Defense                  Defense                  Time % Phy DF OF 
 1 Brandon Davidson         Gavin Bayreuther         60     1   2  2  
 2 Steven Kampfer           Alexander Alexeyev       40     1   2  2  

Penalty Kill - 3 Players Forward 
   Forward                                           Time % Phy DF OF 
 1 Michael Rasmussen                                 60     1   2  2  
 2 Alex Formenton                                    40     1   2  2  

Penalty Kill - 3 Players Defense
   Defense                  Defense                  Time % Phy DF OF 
 1 Brandon Davidson         Gavin Bayreuther         60     1   2  2  
 2 Steven Kampfer           Alexander Alexeyev       40     1   2  2  

4 vs 4 Forward 
   Center                   Wing                     Time % Phy DF OF 
 1 Michael Rasmussen        Alex Formenton           60     1   2  2  
 2 Seth Griffith            Tyler Benson             40     1   2  2  

4 vs 4 Defense
   Defense                  Defense                  Time % Phy DF OF 
 1 Brandon Davidson         Gavin Bayreuther         60     1   2  2  
 2 Steven Kampfer           Alexander Alexeyev       40     1   2  2  

Last Minutes Offensive
   Center                   Left Wing                Right Wing               Defense                  Defense                  
   Michael Rasmussen        Alex Formenton           Seth Griffith            Brandon Davidson         Gavin Bayreuther         

Last Minutes Defensive
   Center                   Left Wing                Right Wing               Defense                  Defense                  
   Michael Rasmussen        Alex Formenton           Seth Griffith            Brandon Davidson         Gavin Bayreuther         

Goaltenders
Starting : Unknown Goalie           
Backup : Unknown Goalie           

Extra Forwards
Normal : Jake Lucchini, Rhett Gardner, Michael Eyssimont - PP : Jake Lucchini, Rhett Gardner - PK : Michael Eyssimont
Extra Defensemen
Normal : Moritz Seider, Niko Mikkola, Austin Strand - PP : Moritz Seider - PK : Niko Mikkola, Austin Strand
Penalty Shots
Michael Rasmussen, Alex Formenton, Seth Griffith, Tyler Benson, Nathan Bastian

Scratches
Brandon Crawley (Healthy), Dominik Masin (Healthy), Alex Broadhurst (Healthy), Keaton Thompson (Healthy), Brett Lernout (Healthy)
Blake Hillman (Healthy), Connor Hobbs (Healthy), Anton Blidh (Healthy), Arnaud Durandeau (Healthy), Mason Geertsen (Healthy)
David Pope (Healthy), Emil Larmi (Healthy)

Lake Erie Monsters

5 vs 5 Forward 
   Center                   Left Wing                Right Wing               Time % Phy DF OF 
 1 Andrew Agozzino          Jason Robertson          Lukas Elvenes            40     0   1  4  
 2 William Bitten           Matt Puempel             JC Lipon                 30     0   2  3  
 3 Oskar Steen              Turner Elson             Marko Dano               20     1   2  2  
 4 Bob Carpenter            Jan Drozg                Ryan Haggerty            10     2   2  1  

5 vs 5 Defense 
   Defense                  Defense                                           Time % Phy DF OF 
 1 Kurtis MacDermid         Dysin Mayo                                        41     1   3  1  
 2 Joe Hicketts             Alexander Yelesin                                 39     1   2  1  
 3 Adam Mascherin           Erik Burgdoerfer                                  20     1   3  1  
 4 Joe Hicketts             Alexander Yelesin                                 0      1   2  2  

PowerPlay Forward 
   Center                   Left Wing                Right Wing               Time % Phy DF OF 
 1 Andrew Agozzino          Jason Robertson          Lukas Elvenes            60     1   0  4  
 2 William Bitten           Matt Puempel             JC Lipon                 40     1   0  4  

PowerPlay Defense
   Defense                  Defense                                           Time % Phy DF OF 
 1 Jan Drozg                Ryan Haggerty                                     60     0   1  4  
 2 Turner Elson             Bob Carpenter                                     40     0   1  4  

Penalty Kill 4 Players Forward 
   Center                   Wing                     Time % Phy DF OF 
 1 Bob Carpenter            Marko Dano               60     1   3  1  
 2 Oskar Steen              Adam Mascherin           40     1   3  1  

Penalty Kill 4 Players Defense
   Defense                  Defense                  Time % Phy DF OF 
 1 Kurtis MacDermid         Dysin Mayo               60     1   4  0  
 2 Joe Hicketts             Erik Burgdoerfer         40     1   4  0  

Penalty Kill - 3 Players Forward 
   Forward                                           Time % Phy DF OF 
 1 Matt Puempel                                      60     1   2  2  
 2 Jason Robertson                                   40     1   2  2  

Penalty Kill - 3 Players Defense
   Defense                  Defense                  Time % Phy DF OF 
 1 Kurtis MacDermid         Dysin Mayo               60     1   2  2  
 2 Joe Hicketts             Erik Burgdoerfer         40     1   2  2  

4 vs 4 Forward 
   Center                   Wing                     Time % Phy DF OF 
 1 Matt Puempel             Jason Robertson          60     1   2  2  
 2 Andrew Agozzino          Lukas Elvenes            40     1   2  2  

4 vs 4 Defense
   Defense                  Defense                  Time % Phy DF OF 
 1 Kurtis MacDermid         Dysin Mayo               60     1   2  2  
 2 Joe Hicketts             Alexander Yelesin        40     1   2  2  

Last Minutes Offensive
   Center                   Left Wing                Right Wing               Defense                  Defense                  
   Andrew Agozzino          Matt Puempel             Lukas Elvenes            Kurtis MacDermid         Dysin Mayo               

Last Minutes Defensive
   Center                   Left Wing                Right Wing               Defense                  Defense                  
   Andrew Agozzino          Matt Puempel             Lukas Elvenes            Kurtis MacDermid         Dysin Mayo               

Goaltenders
Starting : Ryan Bednard             
Backup : Unknown Goalie           

Extra Forwards
Normal : Adam Mascherin, Marko Dano, Jan Drozg - PP : Marko Dano, Oskar Steen - PK : Jan Drozg
Extra Defensemen
Normal : Kurtis MacDermid, Dysin Mayo, Joe Hicketts - PP : Kurtis MacDermid - PK : Dysin Mayo, Joe Hicketts
Penalty Shots
Matt Puempel, Jason Robertson, Lukas Elvenes, Andrew Agozzino, JC Lipon

Scratches
Hunter Shinkaruk (Healthy), Giorgio Estephan (Healthy), Ryan Olsen (Healthy), Brandon Baddock (Healthy), Peter Quenneville (Healthy)
Brendan Woods (Healthy), Mitch Hults (Healthy), Julien Nantel (Healthy), Maxim Lamarche (Healthy)

% Time on Ice - Rochester Americans

Lines # - Real PCT - Wanted PCT - Time Play
Normal Forward
1 - 33% - 40% - 16:12
2 - 29% - 30% - 14:21
3 - 26% - 20% - 12:59
4 - 11% - 10% - 5:36
Normal Defense
1 - 40% - 40% - 19:31
2 - 31% - 30% - 15:26
3 - 22% - 20% - 10:44
4 - 7% - 10% - 3:27
PP Forward
1 - 54% - 60% - 3:13
2 - 46% - 40% - 2:44
PP Defense
1 - 63% - 60% - 3:45
2 - 37% - 40% - 2:12
PK Forward
1 - 66% - 60% - 3:14
2 - 34% - 40% - 1:41
PK Defense
1 - 63% - 60% - 3:05
2 - 37% - 40% - 1:50
PK3 Forward
1 - 0% - 60%
2 - 0% - 40%
PK3 Defense
1 - 0% - 60%
2 - 0% - 40%
44 Forward
1 - 0% - 60%
2 - 0% - 40%
44 Defense
1 - 0% - 60%
2 - 0% - 40%
Last Minute Offensive  - 0:00
Last Minute Defensive  - 0:00
Total
Forward - 60:00
Defense - 60:00

% Time on Ice - Lake Erie Monsters

Lines # - Real PCT - Wanted PCT - Time Play
Normal Forward
1 - 36% - 40% - 17:52
2 - 30% - 30% - 14:30
3 - 21% - 20% - 10:06
4 - 14% - 10% - 6:40
Normal Defense
1 - 41% - 41% - 20:15
2 - 39% - 39% - 19:03
3 - 20% - 20% - 9:50
4 - 0% - 0% - 0:00
PP Forward
1 - 55% - 60% - 2:43
2 - 45% - 40% - 2:12
PP Defense
1 - 67% - 60% - 3:17
2 - 33% - 40% - 1:38
PK Forward
1 - 78% - 60% - 4:40
2 - 22% - 40% - 1:17
PK Defense
1 - 37% - 60% - 2:13
2 - 63% - 40% - 3:44
PK3 Forward
1 - 0% - 60%
2 - 0% - 40%
PK3 Defense
1 - 0% - 60%
2 - 0% - 40%
44 Forward
1 - 0% - 60%
2 - 0% - 40%
44 Defense
1 - 0% - 60%
2 - 0% - 40%
Last Minute Offensive  - 0:00
Last Minute Defensive  - 0:00
Total
Forward - 60:00
Defense - 60:00

Play-by-Play

1st period


0:01 of 1st period - Andrew Agozzino wins face-off versus Michael Rasmussen in neutral zone.
0:12 of 1st period - Snap shot by Jason Robertson.
0:12 of 1st period - Stopped by Unknown Goalie with a rebound.
0:49 of 1st period - Slapshot by Turner Elson.
0:49 of 1st period - Stopped by Unknown Goalie with a rebound.
0:57 of 1st period - Turner Elson is hit by Rhett Gardner and loses puck.
1:08 of 1st period - Wrist shot by Ryan Haggerty.
1:08 of 1st period - Stopped by Unknown Goalie with a rebound.
1:29 of 1st period - Icing by Jan Drozg.
1:30 of 1st period - Bob Carpenter wins face-off versus Michael Rasmussen in Lake Erie Monsters zone.
1:40 of 1st period - Wrist shot by Seth Griffith.
1:40 of 1st period - Shot Misses the Net.
1:58 of 1st period - Snap shot by Michael Eyssimont.
1:58 of 1st period - Stopped by Ryan Bednard with a rebound.
2:20 of 1st period - Wrist shot by Jason Robertson.
2:20 of 1st period - Deflect By Christoffer Ehn.
2:20 of 1st period - Shot Blocked by Moritz Seider.
2:20 of 1st period - Puck is out of play.
2:21 of 1st period - Jason Robertson wins face-off versus Michael Rasmussen in Rochester Americans zone.
2:34 of 1st period - Lukas Elvenes is hit by Michael Rasmussen and loses puck.
3:01 of 1st period - Oskar Steen is hit by Nathan Bastian and loses puck.
3:32 of 1st period - Minor Penalty to Moritz Seider for Holding.
3:33 of 1st period - Michael Rasmussen wins face-off versus Andrew Agozzino in Rochester Americans zone.
4:48 of 1st period - William Bitten is hit by Seth Griffith and loses puck.
5:07 of 1st period - Jason Robertson is hit by Michael Rasmussen and loses puck.
5:32 of 1st period - Penalty to Moritz Seider is over, Moritz Seider is back on ice.
5:32 of 1st period - Alexander Alexeyev is hit by Turner Elson and loses puck.
5:43 of 1st period - Adam Mascherin is hit by Alexander Alexeyev and loses puck.
5:59 of 1st period - Icing by Adam Mascherin.
6:00 of 1st period - Rhett Gardner wins face-off versus Oskar Steen in Lake Erie Monsters zone.
6:03 of 1st period - Wrist shot by Michael Eyssimont.
6:03 of 1st period - Shot Misses the Net.
6:25 of 1st period - Wrist shot by Alex Formenton.
6:25 of 1st period - Shot Blocked by Ryan Haggerty.
6:47 of 1st period - Andreas Martinsen is hit by Lukas Elvenes and loses puck.
7:42 of 1st period - Snap shot by Nathan Bastian.
7:42 of 1st period - Stopped by Ryan Bednard without a rebound.
7:43 of 1st period - Michael Rasmussen wins face-off versus Andrew Agozzino in Lake Erie Monsters zone.
7:58 of 1st period - Slapshot by Michael Rasmussen.
7:58 of 1st period - Stopped by Ryan Bednard without a rebound.
7:59 of 1st period - Michael Rasmussen wins face-off versus William Bitten in Lake Erie Monsters zone.
8:00 of 1st period - Snap shot by Alex Formenton.
8:00 of 1st period - Stopped by Ryan Bednard with a rebound.
8:08 of 1st period - Wrist shot by JC Lipon.
8:08 of 1st period - Shot Misses the Net.
8:10 of 1st period - Snap shot by William Bitten.
8:10 of 1st period - Stopped by Unknown Goalie with a rebound.
8:12 of 1st period - Snap shot by Matt Puempel.
8:12 of 1st period - Shot Misses the Net.
8:14 of 1st period - Snap shot by JC Lipon.
8:14 of 1st period - Shot Misses the Net.
8:24 of 1st period - Tyler Benson is hit by Jason Robertson.
9:08 of 1st period - Snap shot by Michael Eyssimont.
9:08 of 1st period - Stopped by Ryan Bednard with a rebound.
9:12 of 1st period - Wrist shot by Joe Snively.
9:12 of 1st period - Shot Blocked by Matt Puempel.
9:14 of 1st period - Slapshot by Brandon Davidson.
9:14 of 1st period - Deflect By Matt Puempel.
9:14 of 1st period - Stopped by Ryan Bednard with a rebound.
9:52 of 1st period - Off-side.
9:53 of 1st period - Rhett Gardner wins face-off versus Lukas Elvenes in neutral zone.
9:56 of 1st period - Snap shot by Michael Eyssimont.
9:56 of 1st period - Shot Misses the Net.
11:11 of 1st period - Snap shot by Michael Eyssimont.
11:11 of 1st period - Deflect By Zach Senyshyn.
11:11 of 1st period - Shot Blocked by Turner Elson.
11:11 of 1st period - Puck is out of play.
11:12 of 1st period - Andrew Agozzino wins face-off versus Michael Rasmussen in Lake Erie Monsters zone.
11:12 of 1st period - Andrew Agozzino is hit by Alex Formenton.
11:18 of 1st period - Jason Robertson is hit by Seth Griffith and loses puck.
11:23 of 1st period - Wrist shot by Alex Formenton.
11:23 of 1st period - Shot Hit the Post.
11:25 of 1st period - Wrist shot by Alex Formenton.
11:25 of 1st period - Shot Misses the Net.
11:35 of 1st period - Steven Kampfer is hit by Matt Puempel and loses puck.
11:44 of 1st period - Snap shot by Matt Puempel.
11:44 of 1st period - Shot Misses the Net.
11:58 of 1st period - Dysin Mayo is hit by Michael Eyssimont.
12:16 of 1st period - Snap shot by Turner Elson.
12:16 of 1st period - Shot Blocked by Brandon Davidson.
12:18 of 1st period - Snap shot by Andrew Agozzino.
12:18 of 1st period - Stopped by Unknown Goalie with a rebound.
12:50 of 1st period - Snap shot by JC Lipon.
12:50 of 1st period - Stopped by Unknown Goalie with a rebound.
13:45 of 1st period - Snap shot by Jason Robertson.
13:45 of 1st period - Stopped by Unknown Goalie with a rebound.
13:47 of 1st period - Wrist shot by Marko Dano.
13:47 of 1st period - Stopped by Unknown Goalie with a rebound.
13:49 of 1st period - Wrist shot by Joe Hicketts.
13:49 of 1st period - Shot Blocked by Brandon Davidson.
13:51 of 1st period - Snap shot by Oskar Steen.
13:51 of 1st period - Shot Misses the Net.
13:53 of 1st period - Snap shot by Marko Dano.
13:53 of 1st period - Shot Blocked by Nathan Bastian.
14:03 of 1st period - Tyler Benson is hit by Matt Puempel.
14:07 of 1st period - Wrist shot by Tyler Benson.
14:07 of 1st period - Shot Blocked by Matt Puempel.
14:48 of 1st period - Icing by Oskar Steen.
14:49 of 1st period - Andrew Agozzino wins face-off versus Andreas Martinsen in Lake Erie Monsters zone.
15:50 of 1st period - Snap shot by Tyler Benson.
15:50 of 1st period - Shot Hit the Post.
15:52 of 1st period - Wrist shot by Tyler Benson.
15:52 of 1st period - Stopped by Ryan Bednard with a rebound.
17:13 of 1st period - Joe Snively is hit by Dysin Mayo and loses puck.
17:42 of 1st period - Gavin Bayreuther is hit by Matt Puempel and loses puck.
18:01 of 1st period - Oskar Steen is hit by Niko Mikkola.
18:46 of 1st period - Niko Mikkola is hit by Matt Puempel and loses puck.
19:14 of 1st period - Rhett Gardner is hit by Kurtis MacDermid and loses puck.
19:23 of 1st period - Wrist shot by Matt Puempel.
19:23 of 1st period - Shot Blocked by Rhett Gardner.
19:25 of 1st period - Slapshot by Erik Burgdoerfer.
19:25 of 1st period - Stopped by Unknown Goalie with a rebound.
19:27 of 1st period - Slapshot by Matt Puempel.
19:27 of 1st period - Deflect By JC Lipon.
19:27 of 1st period - Shot Misses the Net.
19:27 of 1st period - Puck is out of play.
19:28 of 1st period - Michael Rasmussen wins face-off versus Andrew Agozzino in Rochester Americans zone.
19:32 of 1st period - Off-side.
19:33 of 1st period - Michael Rasmussen wins face-off versus Andrew Agozzino in neutral zone.
Goals for this period are 0 for Rochester Americans vs 0 for Lake Erie Monsters.
Shots for this period are 7 for Rochester Americans vs 9 for Lake Erie Monsters.

2nd period


0:01 of 2nd period - Michael Rasmussen wins face-off versus Andrew Agozzino in neutral zone.
0:27 of 2nd period - Minor Penalty to Tyler Benson for Boarding.
0:28 of 2nd period - Andrew Agozzino wins face-off versus Michael Rasmussen in Rochester Americans zone.
0:41 of 2nd period - Wrist shot by Lukas Elvenes.
0:41 of 2nd period - Shot Misses the Net.
2:27 of 2nd period - Penalty to Tyler Benson is over, Tyler Benson is back on ice.
2:33 of 2nd period - Slapshot by Jan Drozg.
2:33 of 2nd period - Stopped by Unknown Goalie without a rebound.
2:34 of 2nd period - Christoffer Ehn wins face-off versus Oskar Steen in Rochester Americans zone.
2:41 of 2nd period - Snap shot by Tyler Benson.
2:41 of 2nd period - Stopped by Ryan Bednard without a rebound.
2:42 of 2nd period - Christoffer Ehn wins face-off versus Oskar Steen in Lake Erie Monsters zone.
2:47 of 2nd period - Snap shot by Tyler Benson.
2:47 of 2nd period - Stopped by Ryan Bednard with a rebound.
2:53 of 2nd period - Snap shot by Oskar Steen.
2:53 of 2nd period - Shot Misses the Net.
2:55 of 2nd period - Wrist shot by Oskar Steen.
2:55 of 2nd period - Deflect By Turner Elson.
2:55 of 2nd period - Shot Misses the Net.
2:55 of 2nd period - Puck is out of play.
2:56 of 2nd period - Michael Rasmussen wins face-off versus Andrew Agozzino in Rochester Americans zone.
3:03 of 2nd period - Wrist shot by Alex Formenton.
3:03 of 2nd period - Stopped by Ryan Bednard with a rebound.
3:05 of 2nd period - Wrist shot by Seth Griffith.
3:05 of 2nd period - Shot Misses the Net.
3:07 of 2nd period - Snap shot by Alex Formenton.
3:07 of 2nd period - Deflect By Seth Griffith.
3:07 of 2nd period - Stopped by Ryan Bednard with a rebound.
3:09 of 2nd period - Snap shot by Gavin Bayreuther.
3:09 of 2nd period - Stopped by Ryan Bednard with a rebound.
3:11 of 2nd period - Slapshot by Seth Griffith.
3:11 of 2nd period - Shot Misses the Net.
3:21 of 2nd period - Andrew Agozzino is hit by Zach Senyshyn and loses puck.
3:26 of 2nd period - Snap shot by Michael Eyssimont.
3:26 of 2nd period - Shot Blocked by Andrew Agozzino.
3:28 of 2nd period - Slapshot by Steven Kampfer.
3:28 of 2nd period - Deflect By Rhett Gardner.
3:28 of 2nd period - Stopped by Ryan Bednard with a rebound.
3:30 of 2nd period - Wrist shot by Rhett Gardner.
3:30 of 2nd period - Stopped by Ryan Bednard with a rebound.
3:32 of 2nd period - Slapshot by Steven Kampfer.
3:32 of 2nd period - Shot Misses the Net.
3:34 of 2nd period - Backhand shot by Steven Kampfer.
3:34 of 2nd period - Shot Hit the Post.
3:46 of 2nd period - Wrist shot by Nathan Bastian.
3:46 of 2nd period - Goal by Nathan Bastian - Rochester Americans : 1 - Lake Erie Monsters : 0.
3:47 of 2nd period - William Bitten wins face-off versus Michael Rasmussen in neutral zone.
3:50 of 2nd period - Seth Griffith is hit by JC Lipon and loses puck.
4:01 of 2nd period - Slapshot by Michael Rasmussen.
4:01 of 2nd period - Shot Misses the Net.
4:03 of 2nd period - Wrist shot by Alex Formenton.
4:03 of 2nd period - Shot Blocked by JC Lipon.
4:13 of 2nd period - Gavin Bayreuther is hit by Lukas Elvenes and loses puck.
4:18 of 2nd period - Snap shot by Jason Robertson.
4:18 of 2nd period - Stopped by Unknown Goalie with a rebound.
4:20 of 2nd period - Slapshot by Andrew Agozzino.
4:20 of 2nd period - Stopped by Unknown Goalie with a rebound.
4:22 of 2nd period - Backhand shot by Alexander Yelesin.
4:22 of 2nd period - Deflect By Andrew Agozzino.
4:22 of 2nd period - Goal by Andrew Agozzino - Rochester Americans : 1 - Lake Erie Monsters : 1.
4:23 of 2nd period - Seth Griffith wins face-off versus Andrew Agozzino in neutral zone.
4:26 of 2nd period - Snap shot by Alex Formenton.
4:26 of 2nd period - Shot Misses the Net.
4:59 of 2nd period - Wrist shot by Nathan Bastian.
4:59 of 2nd period - Shot Misses the Net.
5:11 of 2nd period - Snap shot by Michael Rasmussen.
5:11 of 2nd period - Shot Misses the Net.
5:16 of 2nd period - Wrist shot by Moritz Seider.
5:16 of 2nd period - Shot Misses the Net.
5:18 of 2nd period - Slapshot by Niko Mikkola.
5:18 of 2nd period - Shot Hit the Post.
5:48 of 2nd period - Slapshot by Michael Rasmussen.
5:48 of 2nd period - Stopped by Ryan Bednard without a rebound.
5:48 of 2nd period - Minor Penalty to Ryan Bednard for Unsportsmanlike conduct.
5:49 of 2nd period - Michael Rasmussen wins face-off versus Bob Carpenter in Lake Erie Monsters zone.
7:48 of 2nd period - Penalty to Joe Hicketts is over, Joe Hicketts is back on ice.
8:21 of 2nd period - Minor Penalty to Steven Kampfer for Roughing.
8:22 of 2nd period - Andrew Agozzino wins face-off versus Michael Rasmussen in Rochester Americans zone.
8:27 of 2nd period - Snap shot by Andrew Agozzino.
8:27 of 2nd period - Stopped by Unknown Goalie with a rebound.
8:29 of 2nd period - Slapshot by Jan Drozg.
8:29 of 2nd period - Shot Misses the Net.
8:31 of 2nd period - Snap shot by Ryan Haggerty.
8:31 of 2nd period - Deflect By Alex Formenton.
8:31 of 2nd period - Goal by Ryan Haggerty - Rochester Americans : 1 - Lake Erie Monsters : 2.
8:32 of 2nd period - Andrew Agozzino wins face-off versus Michael Rasmussen in neutral zone.
8:47 of 2nd period - Wrist shot by Lukas Elvenes.
8:47 of 2nd period - Goal by Lukas Elvenes - Rochester Americans : 1 - Lake Erie Monsters : 3.
8:48 of 2nd period - Michael Rasmussen wins face-off versus Andrew Agozzino in neutral zone.
9:25 of 2nd period - Wrist shot by Matt Puempel.
9:25 of 2nd period - Shot Blocked by Nathan Bastian.
10:23 of 2nd period - Jason Robertson is hit by Joe Snively and loses puck.
10:36 of 2nd period - Steven Kampfer is hit by Matt Puempel and loses puck.
10:43 of 2nd period - Slapshot by Matt Puempel.
10:43 of 2nd period - Stopped by Unknown Goalie without a rebound.
10:44 of 2nd period - Rhett Gardner wins face-off versus Andrew Agozzino in Rochester Americans zone.
10:49 of 2nd period - Snap shot by Lukas Elvenes.
10:49 of 2nd period - Stopped by Unknown Goalie with a rebound.
11:09 of 2nd period - Matt Puempel is hit by Seth Griffith and loses puck.
11:34 of 2nd period - Christoffer Ehn is hit by Jan Drozg and loses puck.
11:39 of 2nd period - Slapshot by Bob Carpenter.
11:39 of 2nd period - Stopped by Unknown Goalie with a rebound.
11:45 of 2nd period - Slapshot by Bob Carpenter.
11:45 of 2nd period - Shot Blocked by Steven Kampfer.
11:55 of 2nd period - Oskar Steen is hit by Zach Senyshyn.
12:54 of 2nd period - Snap shot by JC Lipon.
12:54 of 2nd period - Stopped by Unknown Goalie with a rebound.
13:32 of 2nd period - Wrist shot by Marko Dano.
13:32 of 2nd period - Stopped by Unknown Goalie with a rebound.
13:34 of 2nd period - Snap shot by Turner Elson.
13:34 of 2nd period - Goal by Turner Elson - Rochester Americans : 1 - Lake Erie Monsters : 4.
13:35 of 2nd period - Andrew Agozzino wins face-off versus Nathan Bastian in neutral zone.
13:35 of 2nd period - Andrew Agozzino is hit by Christoffer Ehn.
13:45 of 2nd period - Slapshot by Andrew Agozzino.
13:45 of 2nd period - Stopped by Unknown Goalie with a rebound.
13:47 of 2nd period - Slapshot by Jason Robertson.
13:47 of 2nd period - Shot Misses the Net.
13:49 of 2nd period - Wrist shot by Jason Robertson.
13:49 of 2nd period - Goal by Jason Robertson - Rochester Americans : 1 - Lake Erie Monsters : 5.
13:49 of 2nd period - Unknown Goalie enters game.
13:50 of 2nd period - Michael Rasmussen wins face-off versus Andrew Agozzino in neutral zone.
13:50 of 2nd period - Seth Griffith beats up Jason Robertson.
13:50 of 2nd period - Penalty to Jason Robertson for Fighting.
13:50 of 2nd period - Penalty to Seth Griffith for Fighting.
13:51 of 2nd period - Andrew Agozzino wins face-off versus Michael Rasmussen in neutral zone.
14:49 of 2nd period - Erik Burgdoerfer and Zach Senyshyn fight to a draw.
14:49 of 2nd period - Penalty to Erik Burgdoerfer for Fighting.
14:49 of 2nd period - Penalty to Zach Senyshyn for Fighting.
14:50 of 2nd period - Andrew Agozzino wins face-off versus Michael Rasmussen in Rochester Americans zone.
14:59 of 2nd period - Snap shot by Michael Rasmussen.
14:59 of 2nd period - Shot Misses the Net.
15:15 of 2nd period - Tyler Benson is hit by Matt Puempel and loses puck.
15:24 of 2nd period - Christoffer Ehn is hit by JC Lipon.
16:05 of 2nd period - Andreas Martinsen is hit by Bob Carpenter and loses puck.
16:48 of 2nd period - Snap shot by Marko Dano.
16:48 of 2nd period - Shot Blocked by Alex Formenton.
16:50 of 2nd period - Wrist shot by Oskar Steen.
16:50 of 2nd period - Stopped by Unknown Goalie with a rebound.
17:06 of 2nd period - Slapshot by Oskar Steen.
17:06 of 2nd period - Stopped by Unknown Goalie with a rebound.
17:08 of 2nd period - Backhand shot by Ryan Haggerty.
17:08 of 2nd period - Shot Misses the Net.
17:10 of 2nd period - Snap shot by Ryan Haggerty.
17:10 of 2nd period - Deflect By Bob Carpenter.
17:10 of 2nd period - Stopped by Unknown Goalie with a rebound.
17:12 of 2nd period - Wrist shot by Ryan Haggerty.
17:12 of 2nd period - Stopped by Unknown Goalie with a rebound.
17:34 of 2nd period - Snap shot by Andrew Agozzino.
17:34 of 2nd period - Shot Blocked by Rhett Gardner.
18:25 of 2nd period - Oskar Steen is hit by Steven Kampfer and loses puck.
18:36 of 2nd period - Michael Rasmussen is hit by Adam Mascherin and loses puck.
19:02 of 2nd period - Snap shot by Michael Eyssimont.
19:02 of 2nd period - Goal by Michael Eyssimont - Rochester Americans : 2 - Lake Erie Monsters : 5.
19:03 of 2nd period - Andrew Agozzino wins face-off versus Christoffer Ehn in neutral zone.
19:06 of 2nd period - Nathan Bastian is hit by Jason Robertson.
19:12 of 2nd period - Kurtis MacDermid is hit by Tyler Benson and loses puck.
19:57 of 2nd period - Alexander Alexeyev is hit by Turner Elson and loses puck.
Goals for this period are 2 for Rochester Americans vs 5 for Lake Erie Monsters.
Shots for this period are 10 for Rochester Americans vs 19 for Lake Erie Monsters.

3rd period


0:01 of 3rd period - Michael Rasmussen wins face-off versus Andrew Agozzino in neutral zone.
0:12 of 3rd period - Snap shot by Andrew Agozzino.
0:12 of 3rd period - Shot Misses the Net.
0:14 of 3rd period - Slapshot by Kurtis MacDermid.
0:14 of 3rd period - Stopped by Unknown Goalie with a rebound.
0:16 of 3rd period - Snap shot by Lukas Elvenes.
0:16 of 3rd period - Deflect By Alex Formenton.
0:16 of 3rd period - Goal by Lukas Elvenes - Rochester Americans : 2 - Lake Erie Monsters : 6.
0:17 of 3rd period - Andrew Agozzino wins face-off versus Alex Formenton in neutral zone.
0:28 of 3rd period - Snap shot by Alex Formenton.
0:28 of 3rd period - Deflect By Lukas Elvenes.
0:28 of 3rd period - Shot Misses the Net.
0:28 of 3rd period - Puck is out of play.
0:29 of 3rd period - Andrew Agozzino wins face-off versus Michael Rasmussen in Lake Erie Monsters zone.
0:44 of 3rd period - Wrist shot by Jason Robertson.
0:44 of 3rd period - Stopped by Unknown Goalie with a rebound.
0:56 of 3rd period - Christoffer Ehn is hit by Kurtis MacDermid and loses puck.
0:58 of 3rd period - Matt Puempel and Gavin Bayreuther fight to a draw.
0:58 of 3rd period - Penalty to Matt Puempel for Fighting.
0:58 of 3rd period - Penalty to Gavin Bayreuther for Fighting.
0:58 of 3rd period - Penalty to Matt Puempel for instigated a fight.
0:58 of 3rd period - Penalty to Matt Puempel for instigated a fight.
0:59 of 3rd period - Michael Rasmussen wins face-off versus Bob Carpenter in Rochester Americans zone.
1:40 of 3rd period - Slapshot by Oskar Steen.
1:40 of 3rd period - Shot Misses the Net.
2:58 of 3rd period - Penalty to Matt Puempel is over, Lukas Elvenes is send on ice.
3:06 of 3rd period - Slapshot by Rhett Gardner.
3:06 of 3rd period - Shot Misses the Net.
3:08 of 3rd period - Snap shot by Niko Mikkola.
3:08 of 3rd period - Shot Misses the Net.
3:10 of 3rd period - Snap shot by Zach Senyshyn.
3:10 of 3rd period - Shot Misses the Net.
3:12 of 3rd period - Snap shot by Zach Senyshyn.
3:12 of 3rd period - Shot Misses the Net.
5:18 of 3rd period - Icing by Joe Snively.
5:19 of 3rd period - William Bitten wins face-off versus Jake Lucchini in Rochester Americans zone.
5:20 of 3rd period - Wrist shot by JC Lipon.
5:20 of 3rd period - Shot Misses the Net.
5:22 of 3rd period - Backhand shot by Dysin Mayo.
5:22 of 3rd period - Stopped by Unknown Goalie without a rebound.
5:23 of 3rd period - William Bitten wins face-off versus Jake Lucchini in Rochester Americans zone.
5:45 of 3rd period - Snap shot by Seth Griffith.
5:45 of 3rd period - Stopped by Ryan Bednard with a rebound.
5:47 of 3rd period - Slapshot by Steven Kampfer.
5:47 of 3rd period - Shot Misses the Net.
5:49 of 3rd period - Slapshot by Alexander Alexeyev.
5:49 of 3rd period - Stopped by Ryan Bednard with a rebound.
6:23 of 3rd period - Adam Mascherin is hit by Steven Kampfer and loses puck.
6:28 of 3rd period - Wrist shot by Seth Griffith.
6:28 of 3rd period - Stopped by Ryan Bednard with a rebound.
6:30 of 3rd period - Slapshot by Steven Kampfer.
6:30 of 3rd period - Stopped by Ryan Bednard with a rebound.
6:36 of 3rd period - Wrist shot by Seth Griffith.
6:36 of 3rd period - Goal by Seth Griffith - Rochester Americans : 3 - Lake Erie Monsters : 6.
6:37 of 3rd period - Andrew Agozzino wins face-off versus Christoffer Ehn in neutral zone.
6:42 of 3rd period - Wrist shot by Lukas Elvenes.
6:42 of 3rd period - Shot Blocked by Gavin Bayreuther.
6:44 of 3rd period - Snap shot by Jason Robertson.
6:44 of 3rd period - Goal by Jason Robertson - Rochester Americans : 3 - Lake Erie Monsters : 7.
6:45 of 3rd period - Nathan Bastian wins face-off versus Andrew Agozzino in neutral zone.
6:56 of 3rd period - Slapshot by Gavin Bayreuther.
6:56 of 3rd period - Shot Blocked by Alexander Yelesin.
7:54 of 3rd period - Slapshot by Joe Snively.
7:54 of 3rd period - Deflect By Kurtis MacDermid.
7:54 of 3rd period - Shot Misses the Net.
7:54 of 3rd period - Puck is out of play.
7:55 of 3rd period - Christoffer Ehn wins face-off versus Oskar Steen in Lake Erie Monsters zone.
8:02 of 3rd period - Slapshot by Nathan Bastian.
8:02 of 3rd period - Stopped by Ryan Bednard without a rebound.
8:03 of 3rd period - Andrew Agozzino wins face-off versus Christoffer Ehn in Lake Erie Monsters zone.
8:16 of 3rd period - Wrist shot by Lukas Elvenes.
8:16 of 3rd period - Stopped by Unknown Goalie with a rebound.
8:18 of 3rd period - Slapshot by Alexander Yelesin.
8:18 of 3rd period - Stopped by Unknown Goalie with a rebound.
8:47 of 3rd period - Wrist shot by Bob Carpenter.
8:47 of 3rd period - Stopped by Unknown Goalie with a rebound.
8:55 of 3rd period - Wrist shot by Ryan Haggerty.
8:55 of 3rd period - Deflect By Jan Drozg.
8:55 of 3rd period - Stopped by Unknown Goalie with a rebound.
9:15 of 3rd period - Slapshot by Michael Eyssimont.
9:15 of 3rd period - Shot Blocked by Adam Mascherin.
9:17 of 3rd period - Snap shot by Rhett Gardner.
9:17 of 3rd period - Shot Hit the Post.
9:19 of 3rd period - Snap shot by Rhett Gardner.
9:19 of 3rd period - Stopped by Ryan Bednard with a rebound.
9:29 of 3rd period - Snap shot by Lukas Elvenes.
9:29 of 3rd period - Stopped by Unknown Goalie without a rebound.
9:30 of 3rd period - Christoffer Ehn wins face-off versus Jason Robertson in Rochester Americans zone.
9:58 of 3rd period - Backhand shot by Nathan Bastian.
9:58 of 3rd period - Stopped by Ryan Bednard without a rebound.
9:59 of 3rd period - William Bitten wins face-off versus Rhett Gardner in Lake Erie Monsters zone.
10:08 of 3rd period - William Bitten is hit by Moritz Seider and loses puck.
10:59 of 3rd period - Brandon Davidson is hit by Jason Robertson and loses puck.
11:10 of 3rd period - Ryan Haggerty is hit by Rhett Gardner and loses puck.
11:35 of 3rd period - Christoffer Ehn is hit by Jason Robertson and loses puck.
12:12 of 3rd period - Wrist shot by Andreas Martinsen.
12:12 of 3rd period - Shot Misses the Net.
12:28 of 3rd period - Wrist shot by Alex Formenton.
12:28 of 3rd period - Goal by Alex Formenton - Rochester Americans : 4 - Lake Erie Monsters : 7.
12:29 of 3rd period - Michael Rasmussen wins face-off versus Andrew Agozzino in neutral zone.
13:04 of 3rd period - Wrist shot by Zach Senyshyn.
13:04 of 3rd period - Stopped by Ryan Bednard with a rebound.
13:06 of 3rd period - Slapshot by Niko Mikkola.
13:06 of 3rd period - Shot Misses the Net.
13:08 of 3rd period - Snap shot by Moritz Seider.
13:08 of 3rd period - Stopped by Ryan Bednard with a rebound.
13:13 of 3rd period - Icing by Joe Hicketts.
13:14 of 3rd period - Jason Robertson wins face-off versus Christoffer Ehn in Lake Erie Monsters zone.
13:35 of 3rd period - Snap shot by Jason Robertson.
13:35 of 3rd period - Shot Misses the Net.
13:37 of 3rd period - Slapshot by Alexander Yelesin.
13:37 of 3rd period - Shot Misses the Net.
13:39 of 3rd period - Wrist shot by Alexander Yelesin.
13:39 of 3rd period - Goal by Alexander Yelesin - Rochester Americans : 4 - Lake Erie Monsters : 8.
13:40 of 3rd period - Michael Rasmussen wins face-off versus William Bitten in neutral zone.
13:47 of 3rd period - Snap shot by Michael Rasmussen.
13:47 of 3rd period - Stopped by Ryan Bednard with a rebound.
14:01 of 3rd period - Minor Penalty to JC Lipon for Slashing.
14:02 of 3rd period - Michael Rasmussen wins face-off versus Bob Carpenter in Lake Erie Monsters zone.
14:17 of 3rd period - Snap shot by Alex Formenton.
14:17 of 3rd period - Stopped by Ryan Bednard with a rebound.
14:45 of 3rd period - Tyler Benson is hit by Joe Hicketts and loses puck.
15:58 of 3rd period - 10 Minutes Misconduct Penalty to Matt Puempel is over.
16:01 of 3rd period - Penalty to JC Lipon is over, JC Lipon is back on ice.
16:12 of 3rd period - Snap shot by Rhett Gardner.
16:12 of 3rd period - Shot Misses the Net.
16:14 of 3rd period - Snap shot by Michael Eyssimont.
16:14 of 3rd period - Shot Misses the Net.
16:16 of 3rd period - Wrist shot by Moritz Seider.
16:16 of 3rd period - Stopped by Ryan Bednard with a rebound.
16:18 of 3rd period - Snap shot by Rhett Gardner.
16:18 of 3rd period - Shot Misses the Net.
16:20 of 3rd period - Snap shot by Michael Eyssimont.
16:20 of 3rd period - Goal by Michael Eyssimont - Rochester Americans : 5 - Lake Erie Monsters : 8.
16:21 of 3rd period - Andrew Agozzino wins face-off versus Michael Rasmussen in neutral zone.
16:53 of 3rd period - Wrist shot by Marko Dano.
16:53 of 3rd period - Goal by Marko Dano - Rochester Americans : 5 - Lake Erie Monsters : 9.
16:54 of 3rd period - Andrew Agozzino wins face-off versus Christoffer Ehn in neutral zone.
16:57 of 3rd period - Snap shot by Lukas Elvenes.
16:57 of 3rd period - Stopped by Unknown Goalie with a rebound.
16:59 of 3rd period - Slapshot by Kurtis MacDermid.
16:59 of 3rd period - Stopped by Unknown Goalie with a rebound.
17:19 of 3rd period - Dysin Mayo is hit by Alex Formenton and loses puck.
17:35 of 3rd period - Icing by Steven Kampfer.
17:36 of 3rd period - Rhett Gardner wins face-off versus Oskar Steen in Rochester Americans zone.
17:49 of 3rd period - Slapshot by Rhett Gardner.
17:49 of 3rd period - Stopped by Ryan Bednard without a rebound.
17:50 of 3rd period - Michael Rasmussen wins face-off versus Andrew Agozzino in Lake Erie Monsters zone.
17:55 of 3rd period - Slapshot by Seth Griffith.
17:55 of 3rd period - Stopped by Ryan Bednard with a rebound.
18:23 of 3rd period - Snap shot by Matt Puempel.
18:23 of 3rd period - Goal by Matt Puempel - Rochester Americans : 5 - Lake Erie Monsters : 10.
18:24 of 3rd period - Andrew Agozzino wins face-off versus Michael Rasmussen in neutral zone.
18:50 of 3rd period - Nathan Bastian is hit by Dysin Mayo and loses puck.
18:55 of 3rd period - Snap shot by Matt Puempel.
18:55 of 3rd period - Stopped by Unknown Goalie with a rebound.
19:12 of 3rd period - Minor Penalty to Michael Eyssimont for Slashing.
19:13 of 3rd period - Andrew Agozzino wins face-off versus Michael Rasmussen in Rochester Americans zone.
19:15 of 3rd period - Wrist shot by Lukas Elvenes.
19:15 of 3rd period - Stopped by Unknown Goalie with a rebound.
19:51 of 3rd period - Snap shot by Matt Puempel.
19:51 of 3rd period - Shot Blocked by Seth Griffith.
19:53 of 3rd period - Wrist shot by William Bitten.
19:53 of 3rd period - Stopped by Unknown Goalie with a rebound.
Goals for this period are 3 for Rochester Americans vs 5 for Lake Erie Monsters.
Shots for this period are 17 for Rochester Americans vs 18 for Lake Erie Monsters. Output by the SimonT Hockey Simulator (STHS) for Eric Tremblay - Original Page W3C HTML5 Valid
Hockey Simulator - Hockey Simulation - Hockey Manager